Map: Gresvan LE

Players

Psyche - Winner!

  • Race: Zerg Zerg
  • League: Platinum
  • Spawn Location: 11:00

Burrito

  • Race: Zerg Zerg
  • League: Gold
  • Spawn Location: 5:00

VOD

Have the link to the VOD?

Description

Time

  • Played on: March 4, 2023, 5:45 a.m.
  • Length: 4:38
Show
View Real Time Build Order
Export as new Build Order

Psyche Zerg - Winner!

Build Orders: Pool First 

Get SALT Encoding   

  12  0:01  Drone  
  13  0:13  Overlord  
  13  0:24  Drone  
  14  0:38  Drone  
  14  0:42  Spawning Pool  
  14  0:45  Drone  
  15  0:50  Extractor  
  15  0:53  Drone  
  15  1:19  Hatchery  
  14  1:27  Drone  
  14  1:30  Zergling x4  
  17  1:39  Zergling x2  
  18  1:44  Queen  
  20  1:57  Overlord  
  20  2:07  Metabolic Boost  
  20  2:15  Zergling x4  
  22  2:28  Zergling x2  
  23  2:36  Queen  
  25  2:40  Zergling x4  
  27  2:48  Zergling x4  
  28  2:59  Zergling x4  
  30  3:09  Zergling x2  
  30  3:10  Zergling x2  
  31  3:22  Zergling x6  
  31  3:23  Zergling x2  
  35  3:27  Overlord x2  
  35  3:35  Zergling x2  
  35  3:49  Zergling x12  
  35  3:50  Zergling x2  
  35  3:51  Zergling x2  
  37  4:00  Zergling x2  
  38  4:05  Zergling x2  
  36  4:17  Zergling x6  
Show
View Real Time Build Order
Export as new Build Order

Burrito Zerg 

Build Orders: Hatch First 

Get SALT Encoding   

  12  0:03  Drone  
  13  0:15  Drone  
  14  0:37  Overlord  
  14  0:49  Hatchery  
  13  0:53  Drone  
  13  0:56  Drone x2  
  16  1:07  Drone  
  17  1:16  Drone  
  18  1:33  Spawning Pool  
  18  1:38  Drone x2  
  19  1:48  Drone  
  20  2:06  Drone x2  
  22  2:23  Spine Crawler x2  
  22  2:25  Queen x2  
  22  2:27  Drone x2  
  25  2:34  Zergling x4  
  25  2:35  Zergling x4  
  23  3:29  Overlord x3  
  23  3:38  Extractor  
  23  3:39  Extractor  
  16  4:00  Drone  
  16  4:01  Zergling x10  
  16  4:02  Zergling x6  
  23  4:09  Extractor  
  24  4:13  Spawning Pool  
  24  4:15  Zergling x6  
Tags
 
Add a new tag
Caveats
  • Supply blocks, unpowered buildings, or Contaminate may cause inaccurate times.
  • Supply counts are checked every 10 seconds.